 Dungeon Crawl Stone Soup version 0.22-a0-109-gbeb7240 (webtiles) character file.

1159218 nono the Demon Slayer (level 27, -13/144 HPs)
             Began as a Vine Stalker Fighter on Jan 26, 2018.
             Was a High Priest of the Shining One.
             Killed by a guardian mummy's death curse (21 damage)
             ... while paralysed
             ... on level 2 of the Tomb of the Ancients on Jan 27, 2018.
             The game lasted 07:31:18 (65859 turns).

nono the Demon Slayer (Vine Stalker Fighter)       Turns: 65859, Time: 07:31:48

Health: -13/144    AC: 46    Str: 30      XL:     27
Magic:  0/52       EV:  2    Int: -1 (6)  God:    the Shining One [*****.]
Gold:   4168       SH:  0    Dex: 18 (21) Spells: 26/26 levels left

rFire    + + +     SeeInvis +   b - +9 quick blade (holy)
rCold    + + +     Gourm    .   F - +1 large shield {AC+3}
rNeg     + + .     Faith    +   O - +9 gold dragon scales
rPois    +         Spirit   +   R - +2 helmet {SInv}
rElec    +         Reflect  .   y - +0 cloak
rCorr    .         Harm     .   n - +1 pair of gloves {Str+3}
MR       ++++.     Rnd*Rage +   v - +1 pair of boots of Freedom {Str+4}
Stlth    +.........             s - amulet "Miythraqi" {Faith +Fly rPois rF++ Int-2}
HPRegen  1.14/turn              h - ring "Xacvisia" {rC++ MP+9}
MPRegen  0.33/turn              w - ring of the Queen {rElec rPois Str-4 Dex+2 SInv}

@: paralysed, divine shield, about to teleport, slowed, lost intelligence,
glowing
A: fangs 3, see invisible, berserk 1, frail 1, high mp 1, magic resistance 1,
regeneration 2, magic shield, antimagic bite, no potion heal 3, rot immunity
}: 14/15 runes: barnacled, slimy, silver, iron, obsidian, icy, bone, abyssal,
demonic, glowing, magical, fiery, dark, gossamer
a: Divine Shield, Cleansing Flame, Summon Divine Warrior, Renounce Religion,
Evoke Flight


You were on level 2 of the Tomb of the Ancients.
You worshipped the Shining One.
The Shining One was extremely pleased with you.
You were hungry.

You visited 17 branches of the dungeon, and saw 84 of its levels.
You visited Pandemonium 2 times, and saw 22 of its levels.
You visited the Abyss 6 times.
You visited 1 bazaar.
You also visited: Sewer and Ice Cave.

You collected 10317 gold pieces.
You spent 3052 gold pieces at shops.
You donated 3097 gold pieces to Zin.

Inventory:

Hand Weapons
 a - a +9 quick blade of freezing
 b - a +9 quick blade of holy wrath (weapon)
 B - the +3 rapier of the Fray {pierce, rElec}
   (You bought it in a shop on level 3 of the Vaults)

   It inflicts extra damage upon your enemies.
   It insulates you from electricity.
Missiles
 M - 2 throwing nets (quivered)
Armour
 n - a +1 pair of gloves of strength (worn)
 v - the +1 pair of boots of Freedom (worn) {Str+4}
   (You found it on level 7 of Tartarus)

   It affects your strength (+4).
 y - a +0 cloak (worn)
 F - a +1 large shield of protection (worn)
 O - +9 gold dragon scales (worn)
 R - a +2 helmet of see invisible (worn)
Jewellery
 h - the ring "Xacvisia" (left hand) {rC++ MP+9}
   (You found it on level 5 of the Pits of Slime)

   [ring of magical power]

   It greatly protects you from cold.
   It affects your magic capacity (+9).
 m - an uncursed ring of protection from fire
 r - the ring of Gizuagewn {rCorr +Inv Dex+5}
   (You found it on level 4 of the Depths)

   [ring of resist corrosion]

   It affects your dexterity (+5).
   It lets you turn invisible.
 s - the amulet "Miythraqi" (around neck) {Faith +Fly rPois rF++ Int-2}
   (You found it in Pandemonium)

   [amulet of faith]

   It allows you to gain divine favour quickly.
   It affects your intelligence (-2).
   It greatly protects you from fire.
   It protects you from poison.
   It lets you fly.
 w - the ring of the Queen (right hand) {rElec rPois Str-4 Dex+2 SInv}
   (You found it on level 7 of Tartarus)

   [ring of see invisible]

   It affects your strength (-4).
   It affects your dexterity (+2).
   It insulates you from electricity.
   It protects you from poison.
   It lets you see invisible.
 I - an uncursed amulet of regeneration
 U - an uncursed ring of protection from cold
 X - the ring "Pibb" {rF+ Str+4}
   (You found it on level 4 of the Depths)

   [ring of strength]

   It affects your strength (+4).
   It protects you from fire.
 Y - an uncursed amulet of faith
 Z - the ring "Qompunt Hais" {rF+ rN+ Stlth+}
   (You found it on level 3 of the Crypt)

   [ring of positive energy]

   It protects you from fire.
   It protects you from negative energy.
   It makes you more stealthy.
Wands
 c - a wand of digging (25)
 x - a wand of acid (23)
 z - a wand of iceblast (56)
 L - a wand of scattershot (10)
Scrolls
 e - 6 scrolls of fear
 g - 6 scrolls of silence
 j - 4 scrolls of enchant weapon
 o - 9 scrolls of immolation
 p - 9 scrolls of teleportation
 q - 3 scrolls of magic mapping
 A - 34 scrolls of remove curse
 C - a scroll of amnesia
 H - 5 scrolls of fog
 P - 8 scrolls of identify
 S - 5 scrolls of holy word
 V - 6 scrolls of blinking
 W - a scroll of summoning
Potions
 d - a potion of agility
 i - a potion of invisibility
 k - 3 potions of might
 l - 35 potions of curing
 t - 10 potions of brilliance
 u - 7 potions of flight
 D - 5 potions of magic
 E - 5 potions of lignification
 G - 6 potions of cancellation
 K - 3 potions of haste
 Q - 5 potions of berserk rage
 T - 5 potions of ambrosia
Comestibles
 f - 73 rations


   Skills:
 + Level 21.4 Fighting
 + Level 21.4 Short Blades
 + Level 20.2 Armour
 + Level 17.1 Dodging
 - Level 21.0 Stealth
 + Level 21.4 Shields
 + Level 23.9 Invocations


You had 26 spell levels left.
You didn't know any spells.

Dungeon Overview and Level Annotations

Branches:
Dungeon (15/15)            Temple (1/1) D:7            Lair (6/6) D:10
 Shoals (4/4) Lair:4       Spider (4/4) Lair:3        Slime (5/5) Lair:6
    Orc (2/2) D:9             Elf (3/3) Orc:2        Vaults (5/5) D:13
  Crypt (3/3) Vaults:2       Tomb (2/3) Crypt:3      Depths (5/5) D:15
   Hell (1/1)                 Dis (7/7) Hell            Geh (7/7) Hell
    Coc (7/7) Hell            Tar (7/7) Hell            Zot (0/5) Depths:5

Altars:
Ashenzari
Cheibriados
Dithmenos
Elyvilon
Fedhas
Gozag
Hepliaklqana
Kikubaaqudgha
Makhleb
Nemelex Xobeh
Okawaru
Qazlal
Ru
Sif Muna
Trog
Uskayaw
Vehumet
Wu Jian
Xom
Yredelemnul
Zin
The Shining One
Beogh
Jiyva

Shops:
D:4 [   D:5 !   D:6 *   D:7 %   Orc:1 *   Orc:2 *?([   Elf:1 (   Elf:2 (?
Shoals:2 =   Vaults:3 (   Vaults:4 *   Depths:2 :   Depths:4 }%(

Portals:
Hell: Depths:1 Depths:2 Depths:3 Depths:4 Depths:5
Abyss: Depths:4 Depths:5
Pandemonium: Depths:3
Ziggurat: Depths:1

Annotations:
D:4 nht's ghost, novice MiHu
Dis:7 Serpent of Hell


Innate Abilities, Weirdness & Mutations

You have razor-sharp teeth.
You heal very quickly.
When hurt, damage is shared between your health and your magic reserves.
Your bite disrupts and absorbs the magic of your enemies.
Potions cannot restore your health.
You are immune to rotting.
You have supernaturally acute eyesight. (SInv)
You tend to lose your temper in combat.
You are frail. (-10% HP)
You have an increased reservoir of magic. (+10% MP)
You are resistant to hostile enchantments. (MR+)


Message History

The death scarab bites you but does no damage.
The bennu pecks you but does no damage. The bennu claws you!
* * * LOW HITPOINT WARNING * * *
The bennu claws you.
* * * LOW HITPOINT WARNING * * *
The mummy priest calls on the powers of darkness!
Your daeva convulses! x2
Your body is wracked with pain!
* * * LOW HITPOINT WARNING * * *
The bennu convulses!
The emperor scorpion convulses! x2
The mana viper convulses!
You hear a distant "Zot"!
Your daeva calls down the wrath of the Shining One upon the guardian mummy.
The guardian mummy is smitten.
Your daeva hits the guardian mummy with a scimitar of holy wrath!!
The guardian mummy is destroyed!
The Shining One accepts your kill.
You feel extremely nervous for a moment...
You convulse helplessly as pain tears through your body!
You die...

#.. ..# #...
.4.#
....#######.M..
..[M...........
...........M...
.......A.M.....
.......A$......
.......@s......
......b.MM.....
........ยง......
..........s....
..L.S.....s..s.
..M.#######ss..
#M.. M..# #..
..#


You could see 4 greater mummies, 3 emperor scorpions, a revenant, a bennu, 2
mummy priests, a mana viper, a guardian mummy, an ice devil, 3 death scarabs, 2
mummies and 2 friendly daevas.

Vanquished Creatures
  Cerebov (Pan)
  Antaeus (Coc:7)
  the Royal Jelly (Slime:5)
  Asmodeus (Geh:7)
  Gloorx Vloq (Pan)
  Ereshkigal (Tar:7)
  Mnoleg (Pan)
  A seraph (Pan)
  Lom Lobon (Pan)
  An ancient lich (Abyss:1)
  Dispater (Dis:7)
  Mara (Depths:2)
  Mennas (Crypt:2)
  A juggernaut (Depths:5)
  Sojobo (Depths:1)
  9 shard shrikes (Coc:7)
  Saint Roka (Orc:2)
  4 golden dragons
  4 pandemonium lords (Pan)
  Jory (Vaults:4)
  5 bone dragons
  2 doom hounds
  7 iron giants
  2 pearl dragons (Pan)
  10 Brimstone Fiends
  A hellephant (Abyss:1)
  Rupert (D:13)
  9 Tzitzimimeh
  10 Hell Sentinels
  5 tentacled monstrosities
  8 liches
  3 krakens
  18 Ice Fiends
  4 titans
  A deep elf master archer (Elf:3)
  14 sphinxes
  Murray (Hell)
  2 deep elf blademasters (Elf:3)
  10 acid blobs
  Polyphemus (Shoals:3)
  12 tentacled starspawn
  Gastronok (Lair:2)
  3 eldritch tentacles
  14 Executioners (Pan)
  13 daevas
  Agnes (Spider:1)
  4 azure jellies (Slime:5)
  7 tengu reavers
  9 ancient champions
  2 shadow dragons
  5 storm dragons
  Ilsuiw (Shoals:4)
  4 revenants
  11 fire giants
  14 frost giants
  8 iron dragons
  14 vault wardens
  Louise (D:15)
  17 balrugs
  4 ghost moths
  8 emperor scorpions
  7 deep elf sorcerers
  6 warmongers (Pan)
  5 black suns (Pan)
  A draconian shifter (Depths:5)
  19 cacodemons
  2 draconian stormcallers (Depths:5)
  5 deep elf elementalists
  2 curse skulls (Pan)
  25 angels
  7 spriggan defenders
  25 stone giants
  5 ghouls
  13 ironheart preservers
  2 entropy weavers
  A draconian annihilator (Pan)
  27 very ugly things
  3 elemental wellsprings
  10 war gargoyles
  4 blood saints (Pan)
  26 reapers
  7 vampire knights
  15 ophanim
  4 deep elf demonologists
  A green draconian (Depths:5)
  3 corrupters (Pan)
  19 apis (Pan)
  2 yellow draconians (Depths:5)
  17 lorocyprocas
  8 deep elf annihilators
  Azrael (D:14)
  A spectral titan (Crypt:3)
  A black draconian (Depths:5)
  A red draconian (Abyss:1)
  8 spark wasps
  2 mummy priests (Tomb:1)
  6 eidola
  A spectral golden dragon (Crypt:3)
  14 ettins
  4 merfolk javelineers
  A spectral kraken (Tar:7)
  6 deep elf death magi
  14 blizzard demons
  4 death oozes
  2 crystal guardians (Vaults:4)
  Snorg (Lair:5)
  An ettin (shapeshifter) (Vaults:5)
  20 yaktaur captains
  12 green deaths
  5 kraken zombies
  11 merfolk impalers
  5 quicksilver dragon zombies
  9 jiangshi
  12 great orbs of eyes
  7 deep elf high priests
  11 rakshasas
  Erolcha (D:10)
  The ghost of KristoblXynda the Unseen, a journeyman SpEn of Gozag (D:14)
  15 fire dragons
  3 quicksilver dragon skeletons
  35 vault guards
  A spectral shadow dragon (Crypt:3)
  2 juggernaut simulacra (Pan)
  4 catoblepae
  A ghost crab (Tar:5)
  4 hydras
  19 ice dragons
  9 spriggan air magi
  9 centaur warriors
  3 hell beasts (Pan)
  Erica (Orc:1)
  An anaconda (shapeshifter) (Depths:4)
  7 monstrous demonspawn (Pan)
  An alligator snapping turtle (Shoals:4)
  4 death knights
  2 merfolk avatars
  2 death scarabs (Tomb:1)
  10 merfolk aquamancers
  16 dancing weapons
  12 death yaks
  A spectral fire giant (Crypt:3)
  4 deep troll shamans
  5 deep troll earth magi
  10 ogre magi
  A satyr (Shoals:2)
  2 spectral storm dragons (Crypt:3)
  28 two-headed ogres
  7 titan zombies
  3 naga sharpshooters (Depths:4)
  9 hell hogs
  4 vampire magi
  6 iron golems
  23 sun demons
  4 spriggan berserkers
  3 orc high priests (Orc:2)
  11 wretched stars
  7 thrashing horrors
  4 storm dragon zombies
  Urug (D:12)
  32 soul eaters
  4 titan skeletons
  9 iron trolls (Dis:7)
  18 deep elf knights
  A fire crab (shapeshifter) (Depths:4)
  A spectral emperor scorpion (Crypt:3)
  97 skeletal warriors
  25 hell knights
  9 shadow wraiths
  14 cherubim
  2 spatial maelstroms
  4 glowing orange brains
  3 ghost moth zombies
  20 sixfirhies (Pan)
  6 unseen horrors
  11 sea snakes
  10 shadow demons
  A death drake (Tar:7)
  4 storm dragon skeletons
  8 anaconda zombies
  19 deep trolls
  6 wizards
  5 gelid demonspawn (Pan)
  A deep troll (shapeshifter) (Vaults:5)
  14 phantasmal warriors
  A swamp dragon (shapeshifter) (Vaults:5)
  16 flayed ghosts
  4 infernal demonspawn (Pan)
  4 torturous demonspawn (Pan)
  10 necromancers
  9 deep elf archers
  A spectral iron dragon (Crypt:3)
  11 orb spiders
  A golden dragon skeleton (Hell)
  15 ironbrand convokers
  A wolf spider zombie (Geh:4)
  6 shadow dragon zombies
  13 harpies
  9 orc knights
  6 anaconda skeletons
  4 shining eyes
  A mana viper (shapeshifter) (Depths:1)
  6 orc sorcerers
  4 stone giant zombies
  20 wolf spiders
  38 deep elf magi
  2 iron dragon zombies
  6 frost giant zombies
  3 fire giant zombies
  7 worldbinders
  3 cyclopes
  14 manticores
  8 fauns (Shoals:2)
  A shining eye (shapeshifter) (Depths:3)
  5 shadow dragon skeletons
  44 ugly things
  2 moths of wrath
  3 iron dragon skeletons
  A fire giant skeleton (Pan)
  The ghost of KristoblXynda the Ruffian, a novice TrMo (D:5)
  A shock serpent zombie (Crypt:3)
  A frost giant skeleton (Coc:1)
  A centaur zombie (D:15)
  2 eyes of devastation
  4 stone giant skeletons
  2 apocalypse crabs
  3 merfolk sirens
  8 ice statues
  20 rust devils
  6 water nymphs
  A shock serpent skeleton (Dis:5)
  8 elephants
  3 dire elephant zombies
  6 molten gargoyles (Geh:7)
  5 black mambas
  27 orange demons
  4 dire elephant skeletons
  21 smoke demons
  2 emperor scorpion zombies
  2 titan simulacra (Coc:7)
  9 spectral swamp worms
  5 storm dragon simulacra
  3 torpor snails
  A catoblepas zombie (Dis:3)
  10 spiny frogs
  8 vault sentinels
  9 hellions
  30 freezing wraiths
  A rime drake (Lair:6)
  3 kobold demonologists (D:15)
  An efreet (Pan)
  13 guardian mummies
  57 yaktaurs
  25 demonic crawlers
  2 tengu conjurers (Depths:3)
  39 ice devils
  28 red devils
  9 anaconda simulacra
  A catoblepas skeleton (Geh:7)
  18 hellwings
  7 komodo dragons
  18 tormentors
  A minotaur zombie (Dis:5)
  A polar bear (shapeshifter) (Vaults:4)
  7 ancient zymes
  21 jumping spiders
  3 trolls
  A polar bear (Lair:5)
  3 harpy zombies
  A queen bee (Abyss:3)
  A silent spectre (Tar:6)
  8 hydra zombies
  4 meliai (Abyss:3)
  A jumping spider (shapeshifter) (Vaults:3)
  23 merfolk
  4 ice dragon zombies
  21 hornets
  3 hydra skeletons
  A fire dragon zombie (Crypt:1)
  73 slime creatures
  3 wind drakes
  14 snapping turtles
  15 raiju
  2 harpy skeletons
  18 blink frogs
  A shadow dragon simulacrum (Vaults:3)
  5 alligator zombies
  9 hippogriffs
  A raiju (shapeshifter) (Vaults:1)
  A fire giant simulacrum (Depths:1)
  An ettin zombie (Tar:4)
  3 dream sheep (Shoals:4)
  3 ice dragon skeletons
  A redback (shapeshifter) (Depths:3)
  2 black mamba zombies
  58 flying skulls
  3 human simulacra
  18 tarantellas
  3 alligator skeletons
  5 ushabtiu (Tomb:1)
  52 yaks
  2 dire elephant simulacra (IceCv)
  5 spriggans
  A fire dragon skeleton (Pan)
  14 shadows
  2 ettin skeletons
  50 redbacks
  4 air elementals
  15 fire elementals
  A vampire (Abyss:3)
  23 wraiths
  21 water elementals
  A yak (shapeshifter) (Vaults:2)
  9 basilisks
  A fire bat (Depths:1)
  4 golden eyes
  4 wyverns
  A steam dragon (D:9)
  19 chaos spawn
  21 ynoxinuls
  16 humans
  18 small abominations
  2 black mamba skeletons
  A golden eye (shapeshifter) (Depths:1)
  A vampire mosquito (D:15)
  8 hungry ghosts
  2 nagas (Depths:4)
  22 neqoxecs
  2 spatial vortices (Abyss:3)
  2 harpy simulacra (IceCv)
  5 insubstantial wisps (Depths:3)
  An acid dragon (Vaults:2)
  An acid dragon (shapeshifter) (Vaults:5)
  A two-headed ogre zombie (Crypt:1)
  A monstrous demonspawn zombie (Crypt:2)
  3 wargs
  2 iron troll simulacra (IceCv)
  A merfolk zombie (Dis:3)
  9 spiny frog zombies
  A merfolk skeleton (Tomb:1)
  15 water moccasins
  9 hydra simulacra
  4 porcupines
  34 large abominations
  4 floating eyes
  2 spiny frog skeletons
  39 hell hounds
  35 orc warriors
  4 ice beasts
  4 snapping turtle zombies
  A black bear (D:6)
  A hornet zombie (D:8)
  An alligator simulacrum (Coc:1)
  A manticore zombie (Crypt:3)
  10 sky beasts
  An ettin simulacrum (Vaults:2)
  12 necrophages
  A tengu (shapeshifter) (Vaults:4)
  5 eyes of draining
  A swamp dragon skeleton (Coc:7)
  2 boggarts
  27 ogres
  6 phantoms
  A wolf (shapeshifter) (Elf:3)
  11 centaurs
  A snapping turtle skeleton (Coc:7)
  12 crocodiles
  2 manticore skeletons
  14 bullfrogs
  6 big kobolds
  2 earth elementals
  A wyvern zombie (D:9)
  3 spiny frog simulacra
  A water moccasin zombie (D:7)
  2 yaktaur skeletons
  5 scorpions
  A spectral naga (Crypt:3)
  11 killer bees (Abyss:3)
  37 wights
  3 howler monkeys
  5 electric eels
  6 crimson imps
  7 starcursed masses
  4 quasits
  2 draconian simulacra (IceCv)
  9 jellies
  4 bullfrog skeletons
  A gnoll shaman (D:7)
  16 orc priests
  4 centaur skeletons
  3 hounds
  32 orc wizards
  19 iron imps
  6 hell rats (Hell)
  5 iguanas
  2 human skeletons (Crypt:1)
  2 troll simulacra (IceCv)
  2 lightning spires (Depths:3)
  6 worker ants
  3 spriggan simulacra (IceCv)
  2 naga zombies
  A centaur simulacrum (IceCv)
  An ogre skeleton (Geh:2)
  A demigod skeleton (Crypt:2)
  A deep dwarf skeleton (Crypt:2)
  14 mummies
  A worker ant zombie (D:9)
  5 gnolls
  15 adders
  4 naga simulacra (IceCv)
  2 ogre simulacra (IceCv)
  7 shadow imps
  A swamp drake skeleton (Crypt:3)
  20 white imps
  13 oozes
  8 ufetubi
  An adder skeleton (D:9)
  A worm (shapeshifter) (Depths:3)
  3 worms
  3 dart slugs (D:1)
  6 leopard geckos
  103 orcs
  2 ball pythons
  7 giant cockroaches
  6 goblins
  8 hobgoblins
  13 jackals
  6 quokkas
  16 bats
  10 frilled lizards
  33 kobolds
  2 leopard gecko skeletons
  An orc skeleton (Crypt:3)
  A quokka skeleton (Crypt:1)
  A quokka zombie (D:5)
  10 rats
  A spectral orc (D:4)
  A lurking horror (Abyss:3)
  6 pillars of salt
  10 starspawn tentacles
  24 tentacles
3589 creatures vanquished.

Vanquished Creatures (collateral kills)
  Bai Suzhen (Crypt:2)
  Xtahua (Depths:4)
  Geryon (Hell)
  A golden dragon (Vaults:5)
  the Enchantress (Depths:4)
  Asterion (Depths:1)
  A quicksilver dragon (Depths:4)
  A titan (Vaults:5)
  A deep elf master archer (Elf:3)
  An ancient champion (Hell)
  A tengu reaver (Depths:1)
  3 shadow dragons
  A revenant (Crypt:3)
  2 deep elf sorcerers (Elf:3)
  2 vault wardens
  An emperor scorpion (Spider:2)
  5 ghouls
  A deep elf elementalist (Elf:3)
  2 war gargoyles (Vaults:5)
  A reaper (Crypt:2)
  3 ironheart preservers
  2 stone giants
  An entropy weaver (Spider:4)
  2 vampire knights
  2 deep elf annihilators
  4 eidola
  A spectral quicksilver dragon (Crypt:3)
  A spark wasp (Spider:2)
  2 fire dragons
  2 ettins (Depths:1)
  3 deep elf high priests
  2 mummy priests (Tomb:1)
  A green death (Pan)
  2 rakshasas (Depths:1)
  2 vault guards (Depths:4)
  A spectral shadow dragon (Crypt:3)
  2 ice dragons
  A great orb of eyes (Depths:4)
  A death knight (Crypt:2)
  5 dancing weapons
  3 death scarabs (Tomb:1)
  A two-headed ogre (Vaults:5)
  2 deep troll earth magi
  A spectral frost giant (Crypt:3)
  2 spectral storm dragons (Crypt:3)
  A spectral dire elephant (Crypt:3)
  3 deep elf knights
  4 skeletal warriors
  A titan skeleton (Crypt:3)
  4 hell knights
  3 shadow wraiths (Crypt:3)
  4 flayed ghosts (Crypt:3)
  2 spectral hydras (Crypt:3)
  An ironbrand convoker (Vaults:5)
  A spectral wolf spider (Crypt:3)
  A golden dragon skeleton (Crypt:1)
  3 phantasmal warriors
  2 fire giant zombies (Crypt:3)
  A necromancer (Crypt:1)
  4 wolf spiders
  5 orb spiders
  4 deep elf magi (Elf:2)
  A spectral ettin (Crypt:3)
  A cyclops (Vaults:1)
  A stone giant skeleton (Crypt:3)
  A frost giant skeleton (Crypt:3)
  A yellow draconian zombie (Crypt:3)
  A death yak zombie (Crypt:3)
  7 demonic crawlers
  3 yaktaurs (Depths:5)
  5 freezing wraiths
  An ice devil (Hell)
  6 jumping spiders
  A tengu conjurer (Depths:2)
  2 guardian mummies
  A raiju (Elf:2)
  A hornet (Spider:3)
  A hydra skeleton (Hell)
  2 spriggans
  14 redbacks
  10 tarantellas
  A dire elephant simulacrum (Crypt:1)
  2 fire bats (Depths:1)
  A harpy simulacrum (Crypt:1)
  A spectral snapping turtle (Crypt:3)
  An orc warrior (Vaults:5)
  2 sky beasts (Depths:3)
  An ettin simulacrum (Crypt:3)
  A centaur (Vaults:1)
  An ice dragon simulacrum (Crypt:3)
  2 electric eels
  3 human zombies (Crypt:1)
  2 lightning spires (Depths:3)
  A hell rat (Hell)
  A porcupine skeleton (Crypt:3)
  4 mummies
  An adder skeleton (Crypt:2)
  An orc (Vaults:5)
  A ball python zombie (Crypt:3)
  2 crawling corpses (Elf:3)
  2 pillars of salt (Coc:7)
213 creatures vanquished.

Vanquished Creatures (others)
  2 eldritch tentacles
  2 blizzard demons (Pan)
  A green death (Pan)
  A yaktaur captain (Vaults:1)
  A deep troll earth mage (Depths:2)
  A glowing orange brain (Pan)
  A fire giant skeleton (Geh:7)
  2 jumping spiders
  An air elemental (Depths:3)
  A shadow (Geh:4)
  A chaos spawn (Abyss:3)
  A neqoxec (Abyss:1)
  3 insubstantial wisps (Depths:3)
  An orc warrior (Vaults:1)
  A spiny frog skeleton (Hell)
  A small abomination (Abyss:3)
  2 iron imps (Dis:7)
  3 hell rats (Hell)
  4 ball lightnings
  2 orcs
  6 fungi
  49 pillars of salt
  16 plants
  25 starspawn tentacles
  67 tentacles
195 creatures vanquished.

Grand Total: 3997 creatures vanquished

Notes
Turn   | Place    | Note
-------+----------+-------------------------------------------
     0 | D:1      | nono the Vine Stalker Fighter began the quest for the Orb.
     0 | D:1      | Reached XP level 1. HP: 11/11 MP: 2/2
   206 | D:1      | Reached XP level 2. HP: 6/16 MP: 0/3
   457 | D:1      | Reached XP level 3. HP: 13/20 MP: 4/4
  1214 | D:2      | Gained mutation: Your natural rate of healing is unusually fast. [Vine Stalker growth]
  1214 | D:2      | Reached XP level 4. HP: 24/24 MP: 5/5
  1310 | D:2      | Noticed a centaur
  1322 | D:2      | Killed a centaur
  1322 | D:2      | Reached XP level 5. HP: 11/29 MP: 6/6
  1692 | D:3      | Found an opulent altar of Gozag.
  1817 | D:3      | Reached XP level 6. HP: 6/33 MP: 7/7
  2073 | D:3      | Noticed a moth of wrath
  2076 | D:3      | Found a bloodstained altar of Trog.
  2140 | D:3      | Found a glowing drain.
  2149 | Sewer    | Entered a sewer
  2508 | D:3      | Reached XP level 7. HP: 29/38 MP: 8/8
  2738 | D:4      | Found a shadowy altar of Dithmenos.
  2739 | D:4      | Found a shimmering altar of Xom.
  2739 | D:4      | Found a hide-covered altar of Uskayaw.
  2741 | D:4      | Noticed nht's ghost (novice MiHu)
  2872 | D:4      | Found a sacrificial altar of Ru.
  2906 | D:4      | Found Ycruachi's Antique Armour Shop.
  3139 | D:4      | Found a basalt altar of Yredelemnul.
  3287 | D:4      | Bought a shiny helmet for 210 gold pieces
  3330 | D:5      | Entered Level 5 of the Dungeon
  3465 | D:5      | Noticed KristoblXynda's ghost (novice TrMo)
  3506 | D:6      | Reached skill level 5 in Fighting
  3520 | D:6      | Reached skill level 5 in Shields
  3570 | D:6      | Gained mutation: You have razor-sharp teeth. [Vine Stalker growth]
  3570 | D:6      | Reached XP level 8. HP: 43/43 MP: 9/9
  3610 | D:5      | Reached skill level 5 in Short Blades
  4011 | D:5      | Found Muc Kole's Distillery.
  4307 | D:6      | Found a deep blue altar of Sif Muna.
  4383 | D:6      | Found Istunic's General Store.
  4396 | D:6      | Found a glowing golden altar of the Shining One.
  4399 | D:6      | Became a worshipper of the Shining One
  4645 | D:6      | Reached XP level 9. HP: 25/49 MP: 6/10
  4992 | D:7      | Found a staircase to the Ecumenical Temple.
  5143 | D:7      | Found Iteynlie's Food Emporium.
  5188 | D:7      | Reached * piety under the Shining One
  5527 | D:8      | Found a sparkling altar of Nemelex Xobeh.
  6050 | D:8      | Reached XP level 10. HP: 53/56 MP: 11/11
  6319 | D:9      | Noticed a cyclops
  6321 | D:9      | Reached ** piety under the Shining One
  6377 | D:9      | Found a shadowy altar of Dithmenos.
  6478 | D:9      | Reached skill level 1 in Stealth
  6654 | D:9      | Reached skill level 5 in Stealth
  6774 | D:9      | Found a staircase to the Orcish Mines.
  7299 | D:9      | Killed a cyclops
  7392 | D:10     | Entered Level 10 of the Dungeon
  7546 | D:10     | Noticed Erolcha
  7558 | D:10     | Killed Erolcha
  7558 | D:10     | Reached skill level 5 in Armour
  7558 | D:10     | Reached XP level 11. HP: 16/60 MP: 5/12
  8053 | D:10     | Found a staircase to the Lair.
  8062 | Lair:1   | Entered Level 1 of the Lair of Beasts
  8528 | Lair:1   | Identified a scroll of acquirement
  8989 | Lair:2   | Noticed Gastronok
  9011 | Lair:2   | Killed Gastronok
  9011 | Lair:2   | Gained mutation: You heal very quickly. [Vine Stalker growth]
  9011 | Lair:2   | Reached XP level 12. HP: 65/65 MP: 13/13
  9169 | Lair:2   | Paralysed by a hornet for 2 turns
 10141 | Lair:3   | Found a hole to the Spider Nest.
 10339 | Lair:4   | Found a staircase to the Shoals.
 10744 | Lair:5   | Reached *** piety under the Shining One
 10905 | Lair:5   | Reached XP level 13. HP: 71/71 MP: 14/14
 10907 | Lair:5   | Noticed Snorg
 10920 | Lair:5   | Killed Snorg
 11140 | Lair:6   | Entered Level 6 of the Lair of Beasts
 11181 | Lair:6   | Reached skill level 10 in Fighting
 11206 | Lair:6   | Reached skill level 10 in Shields
 11255 | Lair:6   | Reached skill level 10 in Armour
 11324 | Lair:6   | Reached skill level 10 in Short Blades
 12009 | Lair:6   | Reached XP level 14. HP: 40/77 MP: 15/15
 12396 | Lair:6   | Found a runed door.
 12397 | Lair:6   | Found a viscous altar of Jiyva.
 12403 | Lair:6   | Found a staircase to the Slime Pits.
 12854 | Orc:1    | Entered Level 1 of the Orcish Mines
 12854 | Orc:1    | Found a roughly hewn altar of Beogh.
 12854 | Orc:1    | Noticed Erica
 12869 | Orc:1    | Killed Erica
 13154 | Orc:2    | Entered Level 2 of the Orcish Mines
 13171 | Orc:2    | Found a roughly hewn altar of Beogh.
 13189 | Orc:2    | Found Opallo's Magic Scroll Boutique.
 13209 | Orc:2    | Bought a scroll of enchant armour for 97 gold pieces
 13457 | Orc:1    | Found Pyntotuf's Assorted Antiques.
 13460 | Orc:1    | Bought a scroll labeled PUMUMEU NOLIN for 27 gold pieces
 13460 | Orc:1    | Bought a scroll labeled BOMEIPL GOLI for 27 gold pieces
 13678 | Orc:2    | Found a staircase to the Elven Halls.
 13687 | Orc:2    | Found a roughly hewn altar of Beogh.
 13820 | Orc:2    | Found a roughly hewn altar of Beogh.
 13882 | Orc:2    | Found a roughly hewn altar of Beogh.
 13896 | Orc:2    | Found Fulotuat's Assorted Antiques.
 13915 | Orc:2    | Bought a scroll of magic mapping for 112 gold pieces
 14218 | Orc:2    | Noticed Saint Roka
 14218 | Orc:2    | Reached **** piety under the Shining One
 14459 | Orc:2    | Killed Saint Roka
 14509 | Orc:2    | Found Fumokya's Antique Armour Emporium.
 14509 | Orc:2    | Found a roughly hewn altar of Beogh.
 14512 | Orc:2    | Found Qydus's Antique Weapon Shoppe.
 14536 | Orc:2    | Bought a cloak for 103 gold pieces
 14608 | Orc:1    | Bought a crude plate armour for 756 gold pieces
 14618 | Orc:1    | Identified the +4 plate armour of Dim Light {MR+ Regen+ Dex+3} (You bought it in a shop on level 1 of the Orcish Mines)
 14683 | Orc:2    | Bought a scroll of teleportation for 96 gold pieces
 14683 | Orc:2    | Bought a scroll of blinking for 240 gold pieces
 15047 | D:5      | Killed KristoblXynda's ghost
 15047 | D:5      | Reached skill level 1 in Dodging
 15294 | D:11     | Reached skill level 1 in Invocations
 15805 | D:11     | Reached skill level 2 in Invocations
 16050 | D:12     | Reached skill level 3 in Invocations
 16204 | D:12     | Found a stormy altar of Qazlal.
 16231 | D:12     | Reached XP level 15. HP: 74/83 MP: 18/18
 16277 | D:12     | Reached skill level 4 in Invocations
 16283 | D:12     | Noticed Urug
 16283 | D:12     | Reached ***** piety under the Shining One
 16304 | D:12     | Killed Urug
 16626 | D:12     | Cast into level 2 of the Abyss (skeletal warrior)
 16695 | Abyss:2  | Noticed a bone dragon
 16826 | Abyss:2  | Noticed a tentacled starspawn
 16832 | Abyss:2  | Noticed a cacodemon
 16847 | Abyss:2  | Killed a tentacled starspawn
 16847 | Abyss:2  | Reached skill level 5 in Invocations
 16871 | Abyss:2  | Killed a cacodemon
 16871 | Abyss:2  | Reached skill level 5 in Dodging
 16954 | Abyss:2  | Found a shadowy altar of Dithmenos.
 17022 | Abyss:2  | Reached skill level 6 in Invocations
 17122 | Abyss:2  | Got a fine hunting sling
 17141 | D:12     | Escaped the Abyss
 17536 | D:13     | Found a gate to the Vaults.
 17536 | D:13     | Noticed Rupert
 17665 | D:13     | Killed Rupert
 17752 | D:13     | Reached skill level 7 in Invocations
 18368 | D:15     | Entered Level 15 of the Dungeon
 18519 | D:14     | Noticed KristoblXynda's ghost (journeyman SpEn)
 18557 | D:14     | Killed KristoblXynda's ghost
 18568 | D:14     | Noticed Azrael
 18602 | D:14     | Killed Azrael
 18626 | D:14     | Reached skill level 8 in Invocations
 18849 | D:14     | Got a faintly humming scale mail
 18860 | D:14     | Identified the +3 scale mail "Xennumikh" {rPois Str+3 Int+3} (You found it on level 14 of the Dungeon)
 19104 | D:15     | Found an ornate altar of the Wu Jian Council.
 19232 | D:15     | Found a staircase to the Depths.
 19277 | D:15     | Noticed Louise
 19316 | D:15     | Killed Louise
 19316 | D:15     | Reached XP level 16. HP: 88/88 MP: 23/23
 19742 | Shoals:1 | Entered Level 1 of the Shoals
 20002 | Shoals:1 | Noticed a kraken
 20072 | Shoals:1 | Killed a kraken
 20656 | Shoals:2 | Found Gaxuckis's Jewellery Shop.
 20691 | Shoals:2 | Reached ****** piety under the Shining One
 20835 | Shoals:2 | Noticed a titan
 20849 | Shoals:3 | Noticed Polyphemus
 21214 | Shoals:3 | Found a gateway to a bazaar.
 21220 | Bazaar   | Entered a bazaar
 21220 | Bazaar   | Found Mugh's Antique Armour Shop.
 21220 | Bazaar   | Found Evept's Book Shoppe.
 21226 | Bazaar   | Found Xaake's Antique Weapon Shoppe.
 21251 | Bazaar   | Found Omulups's Assorted Antiques.
 21275 | Bazaar   | Bought a heavily runed plate armour for 392 gold pieces
 21275 | Bazaar   | Bought a jewelled rapier for 126 gold pieces
 21289 | Shoals:3 | Identified the cursed +0 rapier of Skirmishing {drain, *Noise rElec rPois Dex+2} (You bought it in a shop in a bazaar)
 21300 | Shoals:3 | Identified the cursed +1 plate armour "Ixuinlier" {rC- Str+5 Dex+4} (You bought it in a shop in a bazaar)
 21496 | Shoals:3 | Killed Polyphemus
 21680 | Shoals:3 | Reached XP level 17. HP: 76/94 MP: 24/24
 21924 | Shoals:4 | Entered Level 4 of the Shoals
 22088 | Shoals:4 | Got a barnacled rune of Zot
 22236 | Shoals:4 | Noticed a kraken
 22340 | Shoals:4 | Killed a kraken
 22539 | Shoals:4 | Identified the +1 hunting sling "Beetle's Demise" {velocity, *Drain rPois rN++ Str-5} (You found it on level 2 of the Abyss)
 22984 | Shoals:4 | Noticed Ilsuiw
 23092 | Shoals:4 | Killed Ilsuiw
 23361 | Spider:1 | Entered Level 1 of the Spider Nest
 23373 | Spider:1 | Noticed Agnes
 23398 | Spider:1 | Killed Agnes
 24160 | Spider:2 | Reached XP level 18. HP: 87/100 MP: 25/25
 24750 | Spider:3 | Reached skill level 10 in Dodging
 25283 | Spider:4 | Entered Level 4 of the Spider Nest
 26433 | Spider:4 | Got a gossamer rune of Zot
 26748 | Vaults:1 | Entered Level 1 of the Vaults
 27197 | Vaults:1 | Reached skill level 9 in Invocations
 27197 | Vaults:1 | Reached XP level 19. HP: 105/105 MP: 26/26
 27495 | Vaults:1 | Reached skill level 10 in Invocations
 27832 | Vaults:1 | Found a shadowy altar of Dithmenos.
 27920 | Vaults:1 | Reached skill level 11 in Invocations
 28506 | Vaults:2 | Reached skill level 12 in Invocations
 29640 | Vaults:2 | Found an ancient bone altar of Kikubaaqudgha.
 29643 | Vaults:2 | Found a staircase to the Crypt.
 29644 | Vaults:2 | Found a basalt altar of Yredelemnul.
 29650 | Crypt:1  | Entered Level 1 of the Crypt
 29771 | Crypt:1  | Identified a +9 quick blade of holy wrath (a +7 quick blade blessed by the Shining One)
 29771 | Crypt:1  | Received a gift from the Shining One
 29812 | Crypt:1  | Reached XP level 20. HP: 111/111 MP: 30/30
 29993 | Crypt:2  | Noticed Mennas
 30080 | Crypt:2  | Noticed Bai Suzhen
 30093 | Crypt:2  | Killed Mennas
 30130 | Crypt:2  | Killed Bai Suzhen
 30264 | Crypt:2  | Found a basalt altar of Yredelemnul.
 30437 | Crypt:3  | Entered Level 3 of the Crypt
 30580 | Crypt:3  | Found a staircase to the Tomb.
 31261 | Crypt:3  | Got a transparent platinum ring
 31270 | Crypt:3  | Identified the ring "Qompunt Hais" {rF+ rN+ Stlth+} (You found it on level 3 of the Crypt)
 31328 | Crypt:3  | Got a crude chain mail
 31330 | Crypt:3  | Identified the cursed +0 chain mail "Douhaoxo" {rPois Str+2} (You found it on level 3 of the Crypt)
 31670 | Crypt:3  | Reached skill level 15 in Fighting
 31713 | Crypt:2  | Reached skill level 15 in Shields
 31873 | Crypt:1  | Reached XP level 21. HP: 117/117 MP: 31/31
 31907 | Crypt:1  | Reached skill level 15 in Short Blades
 32188 | Elf:1    | Entered Level 1 of the Elven Halls
 32465 | Elf:1    | Found Utyo's Weapon Emporium.
 32645 | Elf:2    | Found Bicwied's Antique Weapon Emporium.
 32803 | Elf:2    | Found Xumpasev's Magic Scroll Boutique.
 32814 | Elf:2    | Bought a scroll of teleportation for 30 gold pieces
 32814 | Elf:2    | Bought a scroll of teleportation for 30 gold pieces
 32814 | Elf:2    | Bought a scroll of enchant armour for 75 gold pieces
 32814 | Elf:2    | Bought a scroll of enchant weapon for 75 gold pieces
 32856 | Elf:2    | Found a runed gate.
 32856 | Elf:2    | Found a runed gate.
 32856 | Elf:2    | Found a runed gate.
 33040 | Elf:2    | Cast into level 3 of the Abyss (flail of distortion)
 33050 | Elf:2    | Escaped the Abyss
 33262 | Elf:3    | Entered Level 3 of the Elven Halls
 33319 | Elf:3    | Found a frozen archway.
 33328 | IceCv    | Entered an ice cave
 34274 | Elf:3    | Reached skill level 15 in Armour
 34343 | Elf:3    | Got spiked quicksilver dragon scales
 34354 | Elf:3    | Identified the quicksilver dragon scales "Buynkaut" {MR+ Regen+} (You took it off a deep elf master archer on level 3 of the Elven Halls)
 34440 | Elf:3    | Reached XP level 22. HP: 123/123 MP: 32/32
 34460 | Elf:3    | Got a crude bronze amulet
 34461 | Elf:3    | Identified the amulet "Ennodec" {Inacc rF+ Int+6} (You found it on level 3 of the Elven Halls)
 34564 | Elf:3    | Identified the Volume of the Mountains
 35037 | Depths:1 | Entered Level 1 of the Depths
 35272 | Depths:1 | Found a sparkling altar of Nemelex Xobeh.
 35362 | Depths:1 | Found a gateway to a ziggurat.
 35536 | Depths:1 | Noticed Sojobo
 35559 | Depths:1 | Killed Sojobo
 35797 | Depths:1 | Found a gateway to Hell.
 35824 | Hell     | Entered the Vestibule of Hell
 35824 | Hell     | Noticed Geryon
 35833 | Hell     | Cast into level 3 of the Abyss (hell knight)
 36270 | Hell     | Escaped the Abyss
 36292 | Hell     | Noticed Murray
 36345 | Hell     | Cast into level 3 of the Abyss (reaper)
 36357 | Abyss:3  | Found a corrupted altar of Lugonu.
 36433 | Abyss:3  | Gained mutation: You are dopey. (Int -2) [a neqoxec]
 36723 | Hell     | Escaped the Abyss
 36812 | Depths:1 | Found a runed door.
 36824 | Depths:1 | Noticed Asterion
 36842 | Depths:1 | Killed Asterion
 36842 | Depths:1 | Reached XP level 23. HP: 116/130 MP: 33/33
 36849 | Depths:1 | Got a jewelled shield
 36850 | Depths:1 | Identified the +0 shield of the Old World {rF+ rN+} (You took it off Asterion on level 1 of the Depths)
 37235 | Depths:2 | Identified Soavo's Collected Works on Clay and the Oath
 37264 | Depths:2 | Reached skill level 13 in Invocations
 37311 | Depths:2 | Found Izxyejag's Book Shoppe.
 37313 | Depths:2 | Paralysed by a floating eye for 2 turns
 37369 | Depths:2 | Cast into level 2 of the Abyss (hell knight)
 37370 | Abyss:2  | Found a corrupted altar of Lugonu.
 37413 | Depths:2 | Escaped the Abyss
 37722 | Depths:2 | Noticed Mara
 37745 | Depths:2 | Killed Mara
 37745 | Depths:2 | Reached skill level 14 in Invocations
 38024 | Depths:2 | Reached skill level 15 in Invocations
 38092 | Depths:2 | Got a transparent ivory ring
 38093 | Depths:2 | Identified the ring "Fugoad" {-Tele *Drain rF+ MP+9 Str+7} (You took it off a frost giant on level 2 of the Depths)
 38520 | Hell     | Killed Murray
 38524 | Hell     | Reached skill level 16 in Invocations
 38604 | Hell     | Reached XP level 24. HP: 100/135 MP: 21/36
 38613 | Hell     | Killed Geryon
 38751 | Depths:3 | Reached skill level 17 in Invocations
 39228 | Depths:3 | Reached skill level 18 in Invocations
 39392 | Depths:3 | Found a one-way gate leading to the halls of Pandemonium.
 39546 | Depths:3 | Found a runed door.
 39846 | Depths:4 | Identified the ring "Pibb" {rF+ Str+4} (You found it on level 4 of the Depths)
 39915 | Depths:4 | Found Xiann's Food Shoppe.
 39916 | Depths:4 | Paralysed by a floating eye for 2 turns
 39957 | Depths:4 | Paralysed by a floating eye for 4 turns
 39972 | Depths:4 | Reached skill level 19 in Invocations
 40052 | Depths:4 | Got a slimy brass ring
 40054 | Depths:4 | Identified the ring of Gizuagewn {rCorr +Inv Dex+5} (You found it on level 4 of the Depths)
 40064 | Depths:4 | Found Peantemi's Gadget Shop.
 40140 | Depths:4 | Noticed Xtahua
 40144 | Depths:4 | Noticed the Enchantress
 40202 | Depths:4 | Killed the Enchantress
 40212 | Depths:4 | HP: 1/135 [spriggan air mage/bolt of lightning[the Enchantress] (16)]
 40254 | Depths:4 | Killed Xtahua
 40388 | Depths:4 | Identified the +4 faerie dragon scales {MR+ rCorr MP+9 Clar} (You took it off the Enchantress on level 4 of the Depths)
 40498 | Depths:4 | Found Hemurasho's Weapon Boutique.
 40611 | Depths:4 | Reached skill level 20 in Invocations
 40665 | Depths:4 | Reached XP level 25. HP: 135/139 MP: 38/38
 40761 | Depths:4 | Found a one-way gate to the infinite horrors of the Abyss.
 41102 | Depths:4 | Lost mutation: You are dopey. (Int -2) [potion of mutation]
 41102 | Depths:4 | Gained mutation: You have a pair of small antennae on your head. [potion of mutation]
 41102 | Depths:4 | Gained mutation: You occasionally shout uncontrollably at your foes. [potion of mutation]
 41102 | Depths:4 | Gained mutation: You are partially covered in slimy green scales. (AC +2) [potion of mutation]
 41103 | Depths:4 | Lost mutation: You have a pair of small antennae on your head. [potion of mutation]
 41103 | Depths:4 | Lost mutation: You occasionally shout uncontrollably at your foes. [potion of mutation]
 41103 | Depths:4 | Gained mutation: Your flesh is heat resistant. (rF+) [potion of mutation]
 41103 | Depths:4 | Gained mutation: Your spells are a little harder to cast, but a little more powerful. [potion of mutation]
 41103 | Depths:4 | Gained mutation: You possess an exceptional clarity of mind. [potion of mutation]
 41143 | Depths:5 | Entered Level 5 of the Depths
 41474 | Depths:5 | Noticed a juggernaut
 41494 | Depths:5 | Killed a juggernaut
 41636 | Depths:5 | Found a gate to the Realm of Zot.
 43304 | Vaults:3 | Found Ziofriwk's Antique Weapon Boutique.
 43353 | Vaults:3 | Bought an ichor-stained dagger for 224 gold pieces
 43353 | Vaults:3 | Bought a translucent rapier for 288 gold pieces
 43354 | Vaults:3 | Identified the +5 dagger "Orb Guardian's Foe" {pierce, +Blink rF+ MR+ Dex-4} (You bought it in a shop on level 3 of the Vaults)
 43355 | Vaults:3 | Identified the cursed +3 rapier of the Fray {pierce, rElec} (You bought it in a shop on level 3 of the Vaults)
 43468 | Vaults:4 | Reached XP level 26. HP: 145/145 MP: 38/38
 43739 | Vaults:4 | Found Kimewk's Assorted Antiques.
 43746 | Vaults:4 | Bought a potion of magic for 144 gold pieces
 43866 | Vaults:4 | Noticed Jory
 43908 | Vaults:4 | Killed Jory
 44503 | Vaults:5 | Entered Level 5 of the Vaults
 44883 | Vaults:5 | Got a silver rune of Zot
 45229 | Vaults:5 | Got a pair of spiked gloves
 45240 | Vaults:5 | Identified the +0 pair of gloves of Joy {Int+4} (You found it on level 5 of the Vaults)
 45254 | Vaults:5 | Identified Sif Muna's Disquisition on the Escort
 45359 | Vaults:5 | Reached XP level 27. HP: 151/151 MP: 38/38
 45493 | Vaults:5 | Got a slimy iron amulet
 45859 | Vaults:5 | Identified the amulet of Deczuot {Harm *Drain rPois rC- Dex+3} (You took it off an ogre mage on level 5 of the Vaults)
 46862 | Temple   | Entered the Ecumenical Temple
 46881 | Temple   | Lost mutation: You possess an exceptional clarity of mind. [potion of mutation]
 46881 | Temple   | Lost mutation: Your spells are a little harder to cast, but a little more powerful. [potion of mutation]
 46881 | Temple   | Lost mutation: You are partially covered in slimy green scales. (AC +2) [potion of mutation]
 46881 | Temple   | Lost mutation: Your flesh is heat resistant. (rF+) [potion of mutation]
 46881 | Temple   | Gained mutation: Your body sometimes deteriorates upon taking damage. [potion of mutation]
 46881 | Temple   | Gained mutation: You are clumsy. (Dex -2) [potion of mutation]
 46881 | Temple   | Gained mutation: You possess an exceptional clarity of mind. [potion of mutation]
 46881 | Temple   | Lost mutation: You are clumsy. (Dex -2) [potion of mutation]
 46882 | Temple   | Lost mutation: Your body sometimes deteriorates upon taking damage. [potion of mutation]
 46882 | Temple   | Lost mutation: You possess an exceptional clarity of mind. [potion of mutation]
 46882 | Temple   | Gained mutation: You are weak. (Str -2) [potion of mutation]
 46882 | Temple   | Gained mutation: Your spells are a little harder to cast, but a little more powerful. [potion of mutation]
 46883 | Temple   | Lost mutation: You are weak. (Str -2) [potion of mutation]
 46883 | Temple   | Lost mutation: Your spells are a little harder to cast, but a little more powerful. [potion of mutation]
 46883 | Temple   | Gained mutation: You have sharp toenails. [potion of mutation]
 46883 | Temple   | Gained mutation: You have a pair of small horns on your head. [potion of mutation]
 46920 | Temple   | Fell from the grace of the Shining One
 46920 | Temple   | Became a worshipper of Zin the Law-Giver
 46920 | Temple   | Reached * piety under Zin
 46920 | Temple   | Reached ** piety under Zin
 46920 | Temple   | Reached *** piety under Zin
 46920 | Temple   | Reached **** piety under Zin
 46920 | Temple   | Reached ***** piety under Zin
 47179 | Slime:1  | Entered Level 1 of the Pits of Slime
 47298 | Slime:2  | Gained mutation: Your body sometimes deteriorates upon taking damage. [a shining eye]
 47377 | Slime:5  | Entered Level 5 of the Pits of Slime
 47395 | Slime:5  | Reached skill level 10 in Stealth
 47482 | Slime:5  | Noticed the Royal Jelly
 47483 | Slime:5  | Found a viscous altar of Jiyva.
 47496 | Slime:5  | Killed the Royal Jelly
 47645 | Slime:5  | Identified the ring "Xacvisia" {rC++ MP+9} (You found it on level 5 of the Pits of Slime)
 47747 | Slime:5  | Got a slimy rune of Zot
 47749 | Slime:5  | Identified the ring "Sasoerom" {Ice *Slow +Inv rPois rN+ MR++} (You found it on level 5 of the Pits of Slime)
 47774 | Slime:5  | Reached ****** piety under Zin
 48397 | Pan      | Entered Pandemonium
 48531 | Pan      | Entered the realm of Mnoleg.
 48896 | Pan      | Reached skill level 15 in Stealth
 49171 | Pan      | Noticed Mnoleg
 49191 | Pan      | Killed Mnoleg
 49211 | Pan      | Got a glowing rune of Zot
 49623 | Pan      | Noticed Xyurait the pandemonium lord
 49666 | Pan      | Killed Xyurait the pandemonium lord
 49964 | Pan      | Found an exit through the horrors of the Abyss.
 50575 | Pan      | Lost mutation: You have a pair of small horns on your head. [potion of mutation]
 50575 | Pan      | Lost mutation: Your body sometimes deteriorates upon taking damage. [potion of mutation]
 50575 | Pan      | Lost mutation: You have sharp toenails. [potion of mutation]
 50627 | Pan      | Noticed Ekhlisy the pandemonium lord
 50650 | Pan      | Killed Ekhlisy the pandemonium lord
 51051 | Pan      | Noticed Lues the pandemonium lord
 51309 | Pan      | Killed Lues the pandemonium lord
 51309 | Pan      | Reached skill level 21 in Invocations
 51445 | Pan      | Got a demonic rune of Zot
 51455 | Pan      | Found an exit through the horrors of the Abyss.
 51572 | Pan      | Entered the realm of Gloorx Vloq.
 52076 | Pan      | Noticed Gloorx Vloq
 52294 | Pan      | Killed Gloorx Vloq
 52347 | Pan      | Got a dark rune of Zot
 52523 | Pan      | Found a transporter.
 52552 | Pan      | Found an exit through the horrors of the Abyss.
 53090 | Pan      | Got a crude large shield
 53091 | Pan      | Identified the cursed -6 large shield of Exclusion {rC- Regen+ Int+4 Stlth+} (You took it off a daeva in Pandemonium)
 53206 | Pan      | Noticed a seraph
 53608 | Pan      | Found a white marble altar of Elyvilon.
 54583 | Pan      | Found a glowing silver altar of Zin.
 54888 | Pan      | Killed a seraph
 54909 | Pan      | Found a glowing golden altar of the Shining One.
 54923 | Pan      | Got a pair of smoking gloves
 54934 | Pan      | Identified the cursed +0 pair of gloves of the Shining One {+Fly rN+} (You found it in Pandemonium)
 55180 | Depths:3 | Escaped Pandemonium
 55182 | Pan      | Entered Pandemonium
 55218 | Pan      | Entered the realm of Lom Lobon.
 55219 | Pan      | Noticed Lom Lobon
 55237 | Pan      | Got a magical rune of Zot
 55264 | Pan      | Killed Lom Lobon
 55601 | Pan      | Entered the realm of Cerebov.
 55954 | Pan      | Noticed Cerebov
 55976 | Pan      | Killed Cerebov
 56020 | Pan      | Got a fine graven amulet
 56021 | Pan      | Identified the amulet "Miythraqi" {Faith +Fly rPois rF++ Int-2} (You found it in Pandemonium)
 56024 | Pan      | Donated 2842 gold pieces to Zin
 56134 | Pan      | Got a slimy dagger
 56135 | Pan      | Identified the +9 dagger "Beken" {pierce, rPois rN+} (You found it in Pandemonium)
 56138 | Pan      | Got a transparent dagger
 56139 | Pan      | Identified the +2 dagger of Beogh's Scorn {antimagic, rElec Int+3} (You found it in Pandemonium)
 56232 | Pan      | Got a fiery rune of Zot
 56353 | Pan      | Noticed Ibeaj the pandemonium lord
 56355 | Pan      | Reached skill level 22 in Invocations
 56374 | Pan      | Killed Ibeaj the pandemonium lord
 56467 | Pan      | Found an exit through the horrors of the Abyss.
 56509 | Pan      | Took an exit into the Abyss.
 56509 | Abyss:1  | Escaped into the Abyss
 56653 | Abyss:1  | Noticed an ancient lich
 56670 | Abyss:1  | Killed an ancient lich
 57275 | Abyss:2  | Found a corrupted altar of Lugonu.
 57596 | Abyss:3  | Got an abyssal rune of Zot
 57870 | Depths:3 | Escaped the Abyss
 57954 | Hell     | Found a gateway to the decaying netherworld of Tartarus.
 57962 | Tar:1    | Entered Level 1 of Tartarus
 57972 | Tar:1    | Reached skill level 15 in Dodging
 58023 | Tar:1    | You fall through a shaft!
 58626 | Tar:7    | Entered Level 7 of Tartarus
 59046 | Tar:7    | Noticed Ereshkigal
 59073 | Tar:7    | Killed Ereshkigal
 59115 | Tar:7    | Got a sparkling brass ring
 59116 | Tar:7    | Identified the ring of the Queen {rElec rPois Str-4 Dex+2 SInv} (You found it on level 7 of Tartarus)
 59123 | Tar:7    | Got a bone rune of Zot
 59134 | Tar:7    | Got a pair of spiked boots
 59140 | Tar:7    | Identified the +1 pair of boots of Freedom {Str+4} (You found it on level 7 of Tartarus)
 59375 | Hell     | Found a gateway to the ashen valley of Gehenna.
 59382 | Geh:1    | Entered Level 1 of Gehenna
 59725 | Geh:7    | Entered Level 7 of Gehenna
 59974 | Geh:7    | Noticed Asmodeus
 60033 | Geh:7    | Killed Asmodeus
 60042 | Geh:7    | Got an obsidian rune of Zot
 60425 | Hell     | Found a gateway to the Iron City of Dis.
 60449 | Dis:1    | Entered Level 1 of the Iron City of Dis
 60843 | Dis:3    | You fall through a shaft!
 61014 | Dis:5    | Reached skill level 23 in Invocations
 61398 | Dis:7    | Entered Level 7 of the Iron City of Dis
 61846 | Dis:7    | Noticed the Serpent of Hell
 62081 | Dis:7    | Noticed Dispater
 62105 | Dis:7    | Killed Dispater
 62111 | Dis:7    | Got an iron rune of Zot
 62492 | Hell     | Found a gateway to the freezing wastes of Cocytus.
 62548 | Coc:1    | Entered Level 1 of Cocytus
 63601 | Coc:5    | You fall through a shaft!
 63782 | Coc:7    | Entered Level 7 of Cocytus
 64381 | Coc:7    | Noticed Antaeus
 64461 | Coc:7    | Killed Antaeus
 64505 | Coc:7    | Got an icy rune of Zot
 65061 | D:6      | Fell from the grace of Zin
 65061 | D:6      | Became a worshipper of the Shining One
 65312 | Tomb:1   | Entered Level 1 of the Tomb of the Ancients
 65654 | Tomb:1   | Gained mutation: Your body sometimes deteriorates upon taking damage. [potion of mutation]
 65654 | Tomb:1   | Gained mutation: You are weak. (Str -2) [potion of mutation]
 65654 | Tomb:1   | Gained mutation: You tend to lose your temper in combat. [potion of mutation]
 65654 | Tomb:1   | Gained mutation: Your spells are a little harder to cast, but a little more powerful. [potion of mutation]
 65655 | Tomb:1   | Lost mutation: You are weak. (Str -2) [potion of mutation]
 65655 | Tomb:1   | Lost mutation: Your spells are a little harder to cast, but a little more powerful. [potion of mutation]
 65655 | Tomb:1   | Lost mutation: Your body sometimes deteriorates upon taking damage. [potion of mutation]
 65655 | Tomb:1   | Gained mutation: You are frail. (-10% HP) [potion of mutation]
 65655 | Tomb:1   | Gained mutation: Scrolls take you a little longer to read. [potion of mutation]
 65655 | Tomb:1   | Gained mutation: You have an increased reservoir of magic. (+10% MP) [potion of mutation]
 65656 | Tomb:1   | Lost mutation: Scrolls take you a little longer to read. [potion of mutation]
 65656 | Tomb:1   | Lost mutation: You tend to lose your temper in combat. [potion of mutation]
 65656 | Tomb:1   | Gained mutation: You are resistant to hostile enchantments. (MR+) [potion of mutation]
 65656 | Tomb:1   | Gained mutation: You tend to lose your temper in combat. [potion of mutation]
 65656 | Tomb:1   | Gained mutation: You have supernaturally acute eyesight. (SInv) [potion of mutation]
 65851 | Tomb:2   | Noticed a greater mummy
 65851 | Tomb:2   | Noticed a greater mummy
 65851 | Tomb:2   | Noticed a greater mummy
 65857 | Tomb:2   | Noticed a greater mummy
 65858 | Tomb:2   | Lost intelligence.
 65859 | Tomb:2   | Killed by a guardian mummy's death curse

Vault maps used:
D:1:      minmay_arrival_hallway, minmay_pentomino_u4
D:3:      grunt_gozag_statues, tgw_trog, cheibrodos_sewer_entry_sluice
D:4:      grunt_temple_overflow_open, yredelemnul_forgotten_temple_becter,
          serial_shops, shop, first_ration
D:5:      serial_shops, shop
D:6:      kennysheep_mini_moat, led_sif_book, serial_shops, shop
D:7:      minmay_temple_entry_statues_pillars, serial_shops, shop
D:8:      nemelex_xobeh_ov_fountains_minmay, hangedman_little_slice_of_home,
          serial_bayou_lake_a
D:9:      david_orc_4, grunt_dithmenos_smoke
D:10:     lair_entry_dummy, minmay_misc_feat_four_crosses, uniq_erolcha
D:12:     nicolae_qazlal_eye_of_the_storm, uniq_urug
D:13:     david_vaults_3
D:14:     palyth_stone_intersect, uniq_azrael
D:15:     grunt_enter_depths_snipers, lemuel_round_altar, grunt_ministairs_12,
          st_stairs_5, uniq_louise
Temple:   minmay_temple_bridge_abc
Lair:2:   minmay_lair_venomous_thicket, st_stairs_12, serial_bayou_shore_a,
          uniq_gastronok
Lair:3:   nicolae_spider_entry_orb_guardian, kennysheep_basilisk_garden,
          grunt_megastairs_3, serial_bayou_shore_b, infiniplex_staircase_pool_2
Lair:4:   shoals_dummy_entry, lemuel_fruit_fields
Lair:5:   uniq_snorg
Lair:6:   evilmike_catoblepas_cave, slime_altar_2,
          lightli_volcano_entry_magma_tube
Shoals:2: cheibrodos_shoals_gigantism, serial_shops, nicolae_shop_stone
Shoals:3: serial_shops, bzr_entry_safe, nicolae_shoals_aquamancer_cove,
          uniq_polyphemus
Shoals:4: shoals_end_grunt_ice, shoal_ilsuiw, nicolae_shoals_kraken_intersection
Spider:1: uniq_agnes
Spider:2: nicolae_spider_hall_of_the_moth_king, spider_trap,
          nicolae_spider_cling_halls
Spider:3: nicolae_spider_shape
Spider:4: guppyfry_spider_rune, nicolae_spider_webs_and_nodes
Slime:2:  cheibrodos_slime_lost_civilization_5
Slime:4:  cheibrodos_slime_lost_civilization_9
Orc:1:    serial_shops, nicolae_shop_behind_doors, nicolae_orc_flooded_monolith,
          mines1_david, uniq_erica
Orc:2:    grunt_orc_community_town_hall, grunt_orc_community_big_house_2,
          grunt_orc_community_big_house_2, grunt_orc_community_house_1,
          grunt_orc_community_house_3, grunt_orc_community_house_1,
          grunt_orc_community_house_1, grunt_orc_community_house_3,
          nicolae_orc_lava_tube, uniq_saint_roka
Elf:1:    serial_shops, nicolae_shop_behind_doors, minmay_elf_necromancy,
          lemuel_flamethrower_2
Elf:2:    serial_shops, shop, nicolae_shop_behind_doors, shop, st_stairs_8,
          uniq_donald
Elf:3:    minmay_elf_hall_curves, portal_ice_cave_entry_pillars_four,
          minivault_27
Vaults:1: nicolae_vaults_border_crossing, nicolae_vaults_theta,
          ontoclasm_vaults_spin, grunt_vaults_twisty, hangedman_vaults_slice,
          vaults_room_stairs_pillars, ontoclasm_vaults_chip, v_misc_13,
          nicolae_vaults_alarming, nicolae_vaults_shelves_hall,
          vaults_dpeg_encased_lava, basic_altar
Vaults:2: nicolae_vaults_fighting_squares, vaults_mumra_chevron_long, v_rooms_4,
          nicolae_vaults_three_branches, ontoclasm_vaults_pinch,
          hangedman_vaults_locks, v_alt_pattern_2, v_misc_15,
          grunt_vaults_focal, v_misc_11, minmay_crypt_entry_necro_gods,
          nicolae_vaults_little_squares_6, nicolae_vaults_sealed_display,
          ontoclasm_vaults_decontamination
Vaults:3: grunt_vaults_hallway_short, ontoclasm_vaults_tryst, st_hourglassy,
          hangedman_vaults_pinch, hangedman_vaults_stretched_pinwheel,
          nicolae_vaults_specimen_jars, vaults_dpeg_diagonal, v_pattern_2,
          v_misc_23, v_misc_8, dpeg_vaults_monster_box, nicolae_vaults_asterisk,
          vaults_mumra_hexcomb, serial_shops, shop
Vaults:4: vaults_dpeg_doors, ontoclasm_vaults_chip, hangedman_vaults_maws,
          nicolae_vaults_little_squares_4, v_misc_18,
          hangedman_vaults_river_flow, nicolae_vaults_stairing_the_circle,
          grunt_vaults_bifocal, ontoclasm_vaults_fault, v_rooms_1,
          ontoclasm_vaults_gateway, vaults_dpeg_hooks, serial_shops,
          shop_statue, uniq_jory
Crypt:1:  grunt_megastairs_1, grunt_crypt_arrival_guarded_gate
Crypt:2:  hangedman_feature_mirror, corexii_leaking_fountain, uniq_mennas,
          uniq_margery, uniq_bai_suzhen
Crypt:3:  due_elkab
Depths:1: enter_ziggurat_e, kennysheep_flooded_box, pf_hell_entry_tar_river,
          minmay_misc_feat_plants, kennysheep_doodads, minmay_st_funbox,
          hangedman_abyss_or_decor_jellyfish_corner, kennysheep_generic_room_9,
          uniq_sojobo, uniq_asterion
Depths:2: minmay_the_grid_triangle_9x9_line_8_mashed, serial_shops, shop,
          hell_entry, minmay_misc_feat_diagonals, minmay_misc_feat_roman,
          uniq_mara
Depths:3: cheibrodos_tormentor_scu, bh_walls_and_bars, pan_entry,
          lightli_too_deep, hangedman_aerie_drop
Depths:4: hangedman_spin_cycle, hell_entry, abyss_entry, uniq_enchantress,
          uniq_xtahua
Depths:5: grunt_zot_entry_bicorn, hell_entry, abyss_entry,
          serial_bayou_lagoon_a, hangedman_decor_slide_cut
Dis:1:    grunt_megastairs_2
Dis:3:    nicolae_dis_lava_storage_tank, hangedman_dis_decor_blocks_mantle
Dis:5:    grunt_megastairs_4
Dis:7:    iron_city_of_dis, hangedman_dis_chains
Geh:7:    geh_old
Coc:4:    lemuel_elevator
Coc:7:    coc_old
Tar:2:    nicolae_tar_cuneiform_three
Tar:4:    lemuel_elevator
Tar:5:    nicolae_tar_cuneiform_city
Tar:7:    tar_minmay_river
Abyss:1:  evilmike_abyss_exit_kraken
Abyss:2:  abyss_exit_lava, grunt_abyss_exit_deep_breaths,
          evilmike_abyss_exit_mutagenic, bh_abyss_xom_lugonu_altar
Abyss:3:  hangedman_abyss_or_decor_lesser_grid, evilmike_abyss_rune_ettins,
          hangedman_decor_riveting, evilmike_abyss_exit_mutagenic,
          evilmike_abyss_exit_17, grunt_abyss_rune_wretched_hive
Pan:      nicolae_pan_glass_arcs, pan_blood_fountain, grunt_pan_in_and_out,
          mnoleg_st, nicolae_pan_cerebovesque_4, grunt_pan_zigzag,
          pan_blood_fountain, rand_demon_5, evilmike_mini_pan_branches,
          rand_demon_9, grunt_pan_sceptre, nicolae_pan_cerebovesque_3,
          grunt_pan_frozen_over, regret_index_pan_draining_boxed, pan_surprise,
          reaverb_pan_squares, gloorx_vloq_st, gammafunk_dig_for_victory,
          rand_demon_9, pan_blood_fountain, rand_demon_9, evilmike_holy_pan,
          rand_demon_8, evilmike_mini_pan_doors, nicolae_pan_sick_transit,
          rand_demon_8, lom_lobon, cerebov, nicolae_pan_cerebovesque_4,
          evilmike_mini_pan_other_thingy, pan_blood_fountain_small,
          nicolae_pan_mnolegish_2, evilmike_mini_pan_3x3,
          nicolae_pan_sigil_uleosi
Bazaar:   bazaar_kb_twisted_cavern
Sewer:    kennysheep_pipe_town
IceCv:    ice_cave_caverns_01

Skill      XL: |  1  2  3  4  5  6  7  8  9 10 11 12 13 14 15 16 17 18 19 20 21 22 23 24 25 26 27 |
---------------+----------------------------------------------------------------------------------+-----
Short Blades   | 2 3 4 6 7 8 9 10 11 12 13 14 15 16 17 21 | 21.4
Fighting       | 3 4 5 6 7 8 9 10 11 12 13 14 15 16 17 21 | 21.4
Shields        | 3 4 5 6 7 8 9 10 11 12 13 14 15 16 17 21 | 21.4
Stealth        | 8 21 | 21.0
Armour         | 5 8 9 10 11 12 13 14 15 16 20 | 20.2
Dodging        | 3 7 8 9 10 11 12 17 | 17.1
Invocations    | 3 8 9 12 16 20 23 | 23.9

Action                   |  1- 3 |  4- 6 |  7- 9 | 10-12 | 13-15 | 16-18 | 19-21 | 22-24 | 25-27 || total
-------------------------+-------+-------+-------+-------+-------+-------+-------+-------+-------++-------
Melee: Rapier            |   108 |   247 |   466 |    98 |       |       |       |       |    25 ||   944
       Bite              |    28 |    68 |   143 |   276 |  1045 |  1427 |  1317 |  1429 |  5892 || 11625
       Dagger            |       |     6 |       |    60 |       |       |       |       |       ||    66
       Short sword       |       |       |       |   151 |       |       |       |       |       ||   151
       Quick blade       |       |       |       |   417 |  2099 |  2777 |  2349 |  2361 |  9072 || 19075
       Headbutt          |       |       |       |       |       |       |       |       |   454 ||   454
Throw: Throwing net      |       |       |       |       |       |     1 |       |       |     3 ||     4
Invok: Divine Shield     |       |       |       |     9 |    23 |    39 |    25 |    23 |    12 ||   131
       Summon Divine War |       |       |       |       |       |    10 |     9 |    17 |    10 ||    46
       Cleansing Flame   |       |       |       |       |       |       |     4 |    21 |     2 ||    27
       Brand Weapon With |       |       |       |       |       |       |     1 |       |       ||     1
       Vitalisation      |       |       |       |       |       |       |       |       |    78 ||    78
       Recite            |       |       |       |       |       |       |       |       |    44 ||    44
       Imprison          |       |       |       |       |       |       |       |       |    12 ||    12
       Donate Gold       |       |       |       |       |       |       |       |       |     1 ||     1
 Abil: Evoke Berserk Rag |       |       |       |     3 |     3 |       |       |       |       ||     6
       Evoke Flight      |       |       |       |       |       |       |       |       |    11 ||    11
Evoke: Wand              |       |       |     1 |     3 |     1 |     4 |       |       |     6 ||    15
  Use: Potion            |       |     3 |       |     1 |       |     4 |       |     3 |    18 ||    29
       Scroll            |       |     5 |     6 |     5 |    15 |    14 |    17 |    10 |    33 ||   105
 Stab: Sleeping          |       |       |     1 |       |       |       |       |       |     2 ||     3
       Confused          |       |       |       |       |       |       |       |       |    32 ||    32
       Held in net/web   |       |       |       |       |       |       |       |       |     4 ||     4
       Distracted        |       |       |       |       |       |       |       |       |     2 ||     2
  Eat: Chunk             |       |     5 |     9 |    15 |    23 |    19 |    12 |    13 |    22 ||   118
       Ration            |       |       |     2 |     2 |     3 |     4 |     5 |     5 |    20 ||    41
Armor: Scale mail        |    48 |   131 |    17 |       |       |   330 |       |       |       ||   526
       Leather armour    |       |       |   124 |    19 |       |       |       |       |       ||   143
       Steam dragon scal |       |       |       |     3 |       |       |       |       |       ||     3
       Plate armour      |       |       |       |    98 |   358 |   336 |   336 |   508 |    56 ||  1692
       Gold dragon scale |       |       |       |       |       |       |       |       |  1597 ||  1597
Dodge: Dodged            |    22 |   109 |   124 |    73 |   206 |   589 |   266 |   404 |  1551 ||  3344
Block: Shield            |    46 |   170 |   229 |   249 |   696 |     2 |       |       |       ||  1392
       Large shield      |       |       |       |       |       |  2573 |  1405 |  2054 |  6135 || 12167

Table legend:
 A = Spawn XP
 B = Non-spawn XP
 C = Spawn XP percentage of total XP
 D = Spawn monster count
 E = Non-spawn monster count
 F = Spawn count percentage of total count
 G = Total turns spent on level
                    A         B        C        D         E        F      G
               +---------+---------+-------+---------+---------+-------+---------
         Total |  131377 | 2469713 |   5.1 |     159 |    3599 |   4.2 | 65859
               +---------+---------+-------+---------+---------+-------+---------
           D:1 |       0 |      79 |   0.0 |       0 |      37 |   0.0 |  1190
           D:2 |       0 |     187 |   0.0 |       0 |      27 |   0.0 |   494
           D:3 |       0 |     143 |   0.0 |       0 |      28 |   0.0 |   758
           D:4 |       0 |     120 |   0.0 |       0 |      13 |   0.0 |   556
           D:5 |       0 |    1142 |   0.0 |       0 |      16 |   0.0 |   807
           D:6 |       0 |    1244 |   0.0 |       0 |      25 |   0.0 |   841
           D:7 |       0 |     634 |   0.0 |       0 |      21 |   0.0 |   719
           D:8 |       0 |    1701 |   0.0 |       0 |      31 |   0.0 |  1142
           D:9 |       0 |    3782 |   0.0 |       0 |      49 |   0.0 |  1228
          D:10 |       0 |    2558 |   0.0 |       0 |      13 |   0.0 |  1030
          D:11 |       0 |    3939 |   0.0 |       0 |      34 |   0.0 |   799
          D:12 |       0 |   11326 |   0.0 |       0 |      35 |   0.0 |  1306
          D:13 |       0 |   11436 |   0.0 |       0 |      31 |   0.0 |   790
          D:14 |       0 |    7434 |   0.0 |       0 |      21 |   0.0 |   784
          D:15 |       0 |    9622 |   0.0 |       0 |      24 |   0.0 |   871
        Lair:1 |       0 |    3443 |   0.0 |       0 |      15 |   0.0 |   837
        Lair:2 |       0 |    7276 |   0.0 |       0 |      24 |   0.0 |   897
        Lair:3 |       0 |    7216 |   0.0 |       0 |      30 |   0.0 |   674
        Lair:4 |       0 |    2161 |   0.0 |       0 |      11 |   0.0 |   646
        Lair:5 |       0 |    4421 |   0.0 |       0 |      12 |   0.0 |   534
        Lair:6 |       0 |   25407 |   0.0 |       0 |      73 |   0.0 |  1615
      Shoals:1 |       0 |   11932 |   0.0 |       0 |      18 |   0.0 |   630
      Shoals:2 |       0 |   16795 |   0.0 |       0 |      33 |   0.0 |   521
      Shoals:3 |       0 |   27586 |   0.0 |       0 |      45 |   0.0 |  1023
      Shoals:4 |       0 |   32639 |   0.0 |       0 |      49 |   0.0 |  1293
      Spider:1 |       0 |    8347 |   0.0 |       0 |      28 |   0.0 |   397
      Spider:2 |       0 |   27706 |   0.0 |       0 |      85 |   0.0 |   989
      Spider:3 |       0 |   16126 |   0.0 |       0 |      45 |   0.0 |   589
      Spider:4 |       0 |   33522 |   0.0 |       0 |      66 |   0.0 |  1278
       Slime:1 |       0 |    6550 |   0.0 |       0 |      15 |   0.0 |   118
       Slime:2 |       0 |     995 |   0.0 |       0 |       2 |   0.0 |    44
       Slime:3 |       0 |    4164 |   0.0 |       0 |       6 |   0.0 |    44
       Slime:4 |       0 |    3543 |   0.0 |       0 |       2 |   0.0 |   102
       Slime:5 |       0 |   39421 |   0.0 |       0 |      33 |   0.0 |   439
         Orc:1 |       0 |    3001 |   0.0 |       0 |      23 |   0.0 |   737
         Orc:2 |       0 |   12913 |   0.0 |       0 |      83 |   0.0 |  1380
         Elf:1 |       0 |    8879 |   0.0 |       0 |      17 |   0.0 |   489
         Elf:2 |     644 |   26482 |   2.4 |       3 |      42 |   6.7 |   679
         Elf:3 |       0 |   54974 |   0.0 |       0 |      51 |   0.0 |   944
      Vaults:1 |       0 |   36033 |   0.0 |       0 |      72 |   0.0 |  1568
      Vaults:2 |       0 |   46927 |   0.0 |       0 |      72 |   0.0 |  1551
      Vaults:3 |       0 |   39978 |   0.0 |       0 |      66 |   0.0 |   865
      Vaults:4 |       0 |   56146 |   0.0 |       0 |      65 |   0.0 |  1215
      Vaults:5 |       0 |  156185 |   0.0 |       0 |     141 |   0.0 |  1826
       Crypt:1 |       0 |   22332 |   0.0 |       0 |      54 |   0.0 |   536
       Crypt:2 |       0 |   32076 |   0.0 |       0 |      34 |   0.0 |   625
       Crypt:3 |       0 |   52552 |   0.0 |       0 |      91 |   0.0 |  1276
        Tomb:1 |       0 |   23905 |   0.0 |       0 |      41 |   0.0 |   537
        Tomb:2 |       0 |     966 |   0.0 |       0 |       5 |   0.0 |    10
      Depths:1 |       0 |   63855 |   0.0 |       0 |      77 |   0.0 |  1263
      Depths:2 |       0 |   77196 |   0.0 |       0 |      75 |   0.0 |  1529
      Depths:3 |       0 |   62326 |   0.0 |       0 |      89 |   0.0 |  1341
      Depths:4 |       0 |  100734 |   0.0 |       0 |      85 |   0.0 |  1313
      Depths:5 |       0 |   70705 |   0.0 |       0 |      59 |   0.0 |  1207
          Hell |       0 |   65075 |   0.0 |       0 |      94 |   0.0 |   546
         Dis:1 |       0 |    4464 |   0.0 |       0 |      12 |   0.0 |    56
         Dis:2 |       0 |    6678 |   0.0 |       0 |      17 |   0.0 |   183
         Dis:3 |       0 |   18880 |   0.0 |       0 |      29 |   0.0 |   155
         Dis:4 |       0 |   13615 |   0.0 |       0 |      20 |   0.0 |   146
         Dis:5 |       0 |   10858 |   0.0 |       0 |      28 |   0.0 |   262
         Dis:6 |       0 |    7671 |   0.0 |       0 |      12 |   0.0 |   147
         Dis:7 |       0 |   93821 |   0.0 |       0 |      68 |   0.0 |  1066
         Geh:1 |       0 |    1324 |   0.0 |       0 |       7 |   0.0 |    31
         Geh:2 |       0 |    5146 |   0.0 |       0 |      12 |   0.0 |   107
         Geh:3 |       0 |   12514 |   0.0 |       0 |      24 |   0.0 |   113
         Geh:4 |       0 |    6759 |   0.0 |       0 |       9 |   0.0 |    52
         Geh:5 |       0 |     982 |   0.0 |       0 |       2 |   0.0 |    20
         Geh:6 |       0 |     949 |   0.0 |       0 |       2 |   0.0 |    20
         Geh:7 |       0 |   60167 |   0.0 |       0 |      59 |   0.0 |   621
         Coc:1 |       0 |   12901 |   0.0 |       0 |      39 |   0.0 |   262
         Coc:2 |       0 |    9200 |   0.0 |       0 |      23 |   0.0 |   176
         Coc:3 |       0 |    5201 |   0.0 |       0 |      14 |   0.0 |   146
         Coc:4 |       0 |   22186 |   0.0 |       0 |      40 |   0.0 |   384
         Coc:5 |       0 |    6494 |   0.0 |       0 |      16 |   0.0 |    85
         Coc:6 |       0 |   12198 |   0.0 |       0 |      28 |   0.0 |   181
         Coc:7 |       0 |  136605 |   0.0 |       0 |     109 |   0.0 |   955
         Tar:1 |       0 |    2657 |   0.0 |       0 |      13 |   0.0 |    61
         Tar:4 |       0 |   16350 |   0.0 |       0 |      21 |   0.0 |   250
         Tar:5 |       0 |    2071 |   0.0 |       0 |       4 |   0.0 |    60
         Tar:6 |       0 |    4412 |   0.0 |       0 |      10 |   0.0 |   277
         Tar:7 |       0 |   73467 |   0.0 |       0 |      63 |   0.0 |   711
       Abyss:1 |   27820 |   17622 |  61.2 |      23 |      31 |  42.6 |   766
       Abyss:2 |    5452 |   11080 |  33.0 |      17 |      18 |  48.6 |   711
       Abyss:3 |   38108 |   28549 |  57.2 |      52 |      56 |  48.1 |  1268
           Pan |   59353 |  504366 |  10.5 |      64 |     397 |  13.9 |  8110
         Sewer |       0 |     225 |   0.0 |       0 |      24 |   0.0 |   344
         IceCv |       0 |   12464 |   0.0 |       0 |      59 |   0.0 |   545
               +---------+---------+-------+---------+---------+-------+---------
